 Dungeon Crawl Stone Soup version 0.31-a0-1620-gcbf77bbcfc (webtiles) character file.

Game seed: 1898173143860605995

122 AlmostDecent the Chopper (level 4, -1/37 HPs)
             Began as a Demonspawn Berserker on Jan 12, 2024.
             Was a Believer of Trog.
             Killed by nerve-wracking pain
             ... invoked by Grinder
              (4 damage)
             ... on level 3 of the Dungeon.
             The game lasted 00:05:33 (2175 turns).

AlmostDecent the Chopper (Demonspawn Berserker)     Turns: 2175, Time: 00:05:34

Health: -1/37      AC:  9    Str: 20    XL:     4   Next: 78%
Magic:  4/4        EV: 16    Int:  7    God:    Trog [**....]
Gold:   203        SH:  0    Dex: 12    Spells: 3/3 levels left

rFire   . . .        a - +0 hand axe
rCold   . . .        (no shield)
rNeg    . . .        i - +0 ring mail
rPois   .            (no helmet)
rElec   .            (no cloak)
rCorr   .            l - +0 pair of gloves
SInv    .            (no boots)
Will    .....        h - amulet of faith
Stlth   +            b - +5 ring of evasion
HPRegen 0.26/turn    (no ring)
MPRegen 0.09/turn

%: faith
@: no status effects
A: slimy green scales 2, powered by death 1
a: Renounce Religion, Berserk, Trog's Hand


You were on level 3 of the Dungeon.
You worshipped Trog.
Trog was pleased with you.
You visited 1 branch of the dungeon, and saw 3 of its levels.

You collected 203 gold pieces.

Inventory:

Hand Weapons
 a - a +0 hand axe (weapon)
Armour
 i - a +0 ring mail (worn)
 l - a +0 pair of gloves (worn)
Jewellery
 b - a +5 ring of evasion (left hand)
 h - an amulet of faith (around neck)
Scrolls
 e - a scroll of enchant armour {unknown}
 f - 3 scrolls of enchant weapon {unknown}
 j - 7 scrolls of identify {unknown}
 n - a scroll of teleportation {unknown}
Potions
 c - a potion of attraction {unknown}
 d - a potion of enlightenment {unknown}
 g - 2 potions of degeneration {unknown}
 k - 2 potions of invisibility {unknown}
 m - a potion of ambrosia {unknown}
 o - a potion of berserk rage {unknown}


   Skills:
 + Level 3.7 Fighting
 + Level 3.8 Axes
 + Level 2.2 Armour
 + Level 2.2 Dodging
 + Level 1.2 Stealth


You had 3 spell levels left.
You didn't know any spells.
Your spell library was empty.

Dungeon Overview and Level Annotations

Branches:
Dungeon (3/15)

Altars:

Annotations:
D:3 Grinder


Innate Abilities, Weirdness & Mutations

You are mostly covered in slimy green scales. (AC +3)
You regenerate a little health from kills.


Message History

You hit Grinder.
Grinder is moderately wounded.
You feel yourself speed up. Grinder gestures at you.
Pain shoots through your body!
You slash Grinder!
Grinder is heavily wounded.
Grinder hits you but does no damage.
You slash Grinder!
Grinder is severely wounded.
Grinder misses you. Grinder gestures at you.
You barely resist. You hit Grinder.
Grinder is almost dead.
Grinder hits you.
You writhe in agony.
You hit Grinder but do no damage.
Grinder is almost dead.
Grinder gestures at you. Pain shoots through your body!
* * * LOW HITPOINT WARNING * * *
You completely miss Grinder.
Grinder is almost dead.
Grinder closely misses you.
You hit Grinder but do no damage.
Grinder is almost dead.
Grinder misses you.
You hit Grinder but do no damage.
Grinder is almost dead.
Grinder hits you.
* * * LOW HITPOINT WARNING * * *
You writhe in agony.
* * * LOW HITPOINT WARNING * * *
You hit Grinder.
Grinder is almost dead.
You recover from your berserk rage.
Grinder gestures at you. Pain shoots through your body!
You die...
Grinder sighs, "Dead already?
I want a refund."

#########.##.# #..###>..#..#
#............## #..<.....#..##
#.#...........# #.............
#.#.#####.###.###.#.#.#.#.....<
#.#.# #...........# #.#......
#.#.## #####.>##.## #.##.....
###.|..# #..# #.##.....
..###..########†5# #.####.##
#)###...........@# #.# #.#
....##.#########.# #.# #.##
#.#.##.# #.# ######.# #...
.......# #.###......# ####
.............# #..##.######
.#...........# ##.##.#
...#.........# #.##)#
...#.........####.##.#
................#.##.#


You could see Grinder.

Vanquished Creatures
  Terence (D:2)
  5 adders
  A ribbon worm (D:2)
  2 dart slugs
  4 endoplasms
  3 giant cockroaches
  2 goblins (D:3)
  4 hobgoblins
  2 jackals (D:2)
  A quokka (D:1)
  4 ball pythons
  3 bats (D:2)
  3 frilled lizards
  4 kobolds
  9 rats
48 creatures vanquished.

Notes
Turn   | Place    | Note
-------+----------+-------------------------------------------
     0 | D:1      | AlmostDecent the Demonspawn Berserker began the quest for
                  | the Orb.
     0 | D:1      | Reached XP level 1. HP: 18/18 MP: 1/1
   140 | D:1      | Gained mutation: You are partially covered in slimy green
                  | scales. (AC +2) [demonic ancestry]
   140 | D:1      | Reached XP level 2. HP: 13/24 MP: 2/2
   447 | D:1      | Reached ** piety under Trog
   814 | D:2      | Gained mutation: You are mostly covered in slimy green
                  | scales. (AC +3) [demonic ancestry]
   814 | D:2      | Reached XP level 3. HP: 27/29 MP: 3/3
   915 | D:2      | Reached skill level 1 in Stealth
   954 | D:2      | Noticed Terence
   970 | D:2      | Killed Terence
   971 | D:2      | Gained mutation: You regenerate a little health from kills.
                  | [demonic ancestry]
   971 | D:2      | Reached XP level 4. HP: 23/36 MP: 4/4
  1188 | D:2      | Found a faded altar of an unknown god.
  2136 | D:3      | Noticed Grinder
  2159 | D:3      | Paralysed by Grinder for 2 turns
  2175 | D:3      | Killed from afar by Grinder

Illustrated notes

Levels and vault maps discovered:
D:1:      heliophobic_arrival_ceremonial_halls, layout_basic,
          minmay_misc_feat_doors
D:2:      layout_basic, hellmonk_ecumenical_altar_heavens_door,
          serial_bayou_ford_a, uniq_terence
D:3:      layout_loops_ring, uniq_grinder

Skill      XL: |  1  2  3 |
---------------+----------+-----
Axes           | 3 |  3.8
Armour         | 2 |  2.2
Dodging        | 2 |  2.2
Stealth        | 1 |  1.2
Fighting       | |  3.7

Action                     |  1- 3 |  4- 6 || total
---------------------------+-------+-------++-------
  Melee: Hand axe          |   106 |    79 ||   185
 Invoke: Berserk           |     1 |     1 ||     2
         Trog's Hand       |       |     1 ||     1
 Armour: Animal skin       |    71 |       ||    71
         Ring mail         |       |    32 ||    32
  Dodge: Dodged            |    54 |    50 ||   104

Table legend: (Time is in decaauts)
 A = Elapsed time spent in this place.
 B = Non-inter-level travel time spent in this place.
 C = Inter-level travel time spent in this place.
 D = Time resting spent in this place.
 E = Time spent auto-exploring this place.
 F = Levels seen in this place.
 G = Mean time per level.
                   A        B        C        D        E       F      G
               +--------+--------+--------+--------+--------+-----+--------+
         Total |   2227 |   2090 |    137 |      0 |   1643 |   3 |  742.3 |
       Dungeon |   2227 |   2090 |    137 |      0 |   1643 |   3 |  742.3 |
               +--------+--------+--------+--------+--------+-----+--------+

Top non-repeatable levels by time:
     D:2: 1055 daAuts
     D:1: 758 daAuts
     D:3: 413 daAuts
